 Dungeon Crawl Stone Soup version 0.21-a0-195-gc079aee (webtiles) character file.

96596 Helio the Unseen (level 15, -3/79 HPs)
             Began as a Spriggan Enchanter on Aug 15, 2017.
             Was a High Priest of Dithmenos.
             Slain by an orc warrior
             ... wielding a +0 dire flail
              (12 damage)
             ... while paralysed by an ogre mage
             ... on level 2 of the Orcish Mines.
             The game lasted 01:03:17 (27008 turns).

Helio the Unseen (Spriggan Enchanter)              Turns: 27008, Time: 01:03:18

Health: -3/79      AC:  7    Str:  8    XL:     15   Next: 69%
Magic:  27/32      EV:  4    Int: 19    God:    Dithmenos [*****.]
Gold:   2283       SH:  0    Dex: 17    Spells: 27/39 levels left

rFire    . . .     SeeInvis +   j - +4 short sword (elec)
rCold    . . .     Gourm    .   (shield restricted)
rNeg     . . .     Faith    .   b - +0 robe
rPois    .         Spirit   .   p - +2 hat
rElec    .         Reflect  .   l - +2 cloak
rCorr    .         Harm     .   (gloves unavailable)
MR       ++...                  (boots unavailable)
Stlth    ++++++++++             (no amulet)
HPRegen  0.23/turn              M - +5 ring of evasion
MPRegen  0.23/turn              g - ring of stealth

@: paralysed, wreathed by umbra, very quick
A: unfitting armour, see invisible, herbivore 3, speed 3, mutation resistance 1,
slow metabolism 2
a: Shadow Step, Shadow Form, Renounce Religion


You were on level 2 of the Orcish Mines.
You worshipped Dithmenos.
Dithmenos was extremely pleased with you.
You were not hungry.

You visited 4 branches of the dungeon, and saw 23 of its levels.
You also visited: Bailey.

You collected 2283 gold pieces.

Inventory:

Hand Weapons
 j - a +4 short sword of electrocution (weapon)
Missiles
 T - a throwing net (quivered)
Armour
 b - a +0 robe (worn)
 l - a +2 cloak (worn)
 p - a +2 hat (worn)
 D - a scarf of cloud immunity
Jewellery
 c - an uncursed ring of positive energy
 g - a ring of stealth (right hand)
 M - a +5 ring of evasion (left hand)
 N - an uncursed ring of protection from cold
 X - an uncursed ring of wizardry
 Z - an uncursed ring of protection from cold
Wands
 q - a wand of polymorph (15/24)
 u - a wand of acid (5/15)
 x - a wand of acid (10/15)
 K - a wand of paralysis (12/24)
Scrolls
 h - 7 scrolls of remove curse
 k - 3 scrolls of recharging
 o - 9 scrolls of magic mapping
 y - 2 scrolls of teleportation
 C - 3 scrolls of blinking
 E - 3 scrolls of enchant armour
 P - 2 scrolls of fog
 S - 7 scrolls of identify
 Y - a scroll of fear
Potions
 a - a potion of cancellation
 e - 4 potions of might
 f - 5 potions of resistance
 i - a potion of magic
 m - 3 potions of ambrosia
 n - 3 potions of flight
 v - 4 potions of agility
 z - 6 potions of heal wounds
 A - a potion of mutation
 H - 2 potions of lignification
 I - 5 potions of haste
 J - 4 potions of curing
 L - 3 potions of berserk rage
 U - 2 potions of brilliance
Comestibles
 d - 18 bread rations
 W - 12 fruits


   Skills:
 + Level 9.2 Fighting
 + Level 11.3 Short Blades
 + Level 15.2 Dodging
 + Level 20.8 Stealth
 + Level 12.9 Spellcasting
 + Level 13.0 Hexes


You had 27 spell levels left.
You knew the following spells:

 Your Spells              Type           Power        Failure   Level  Hunger
a - Ensorcelled Hibernat  Hex/Ice        #####.       1%          2    None
b - Corona                Hex            ######.      1%          1    None
c - Confuse               Hex            ######..     1%          3    None
d - Tukima's Dance        Hex            ######..     1%          3    None
e - Dazzling Spray        Conj/Hex       #####.       1%          3    None


Dungeon Overview and Level Annotations

Branches:
Dungeon (14/15)            Temple (1/1) D:5            Lair (6/6) D:8
 Shoals (0/4) Lair:2       Spider (0/4) Lair:4        Slime (0/5) Lair:6
    Orc (2/2) D:11            Elf (0/3) Orc:2        Vaults (0/5) D:13

Altars:
Ashenzari
Cheibriados
Dithmenos
Elyvilon
Fedhas
Gozag
Hepliaklqana
Kikubaaqudgha
Makhleb
Nemelex Xobeh
Okawaru
Qazlal
Ru
Sif Muna
Trog
Uskayaw
Vehumet
Wu Jian
Xom
Yredelemnul
Zin
The Shining One
Beogh

Shops:
D:11 %   Orc:2 *:(*(

Annotations:
D:13 2 runed doors
Orc:2 Rupert


Innate Abilities, Weirdness & Mutations

You are very small and have problems with some larger weapons.
You are too small for most types of armour.
You have supernaturally acute eyesight. (SInv)
You are a herbivore.
You cover ground extremely quickly.
You need consume almost no food.
You are somewhat resistant to further mutation.


Message History

The ogre mage gestures wildly while chanting.
The ogre mage seems to speed up.
You hit the ogre.
The ogre is lightly wounded.
The orc moves out of view.
The ogre mage points at you and mumbles some strange words.
You suddenly lose the ability to move!
The ogre barely misses you.
The orc wizard casts a spell.
The orc wizard blinks!
The orc wizard gestures at you while chanting.
The magic dart hits you! The ogre mage hits you with a club!
The ogre hits you with a giant club!
The orc wizard gestures at you while chanting.
The magic dart hits you! The ogre mage hits you with a club.
* * * LOW HITPOINT WARNING * * *
The ogre barely misses you. The ogre mage hits you with a club!
* * * LOW HITPOINT WARNING * * *
The orc warrior hits you with a dire flail!
You die...

########.....###..###.....
#.....###)...## ....
##....##..)...# ...
##...##......## ..
##..#........# .
#..#........#
#..#........#
#..#...oo...#
...#...@O...#
.......Oo.o....
.......∩∩.O....
...#........#..
...#........#.O ..
#........# #........#
#........#


You could see an ogre mage, an orc warrior, 3 ogres, 2 orc wizards and an orc.

Vanquished Creatures
  An ettin (Orc:2)
  3 ogre magi (Orc:2)
  Snorg (D:10)
  Harold (Lair:2)
  3 catoblepae (Lair:6)
  3 hydras
  Erica (D:10)
  2 dancing weapons (D:13)
  A centaur warrior (D:13)
  20 two-headed ogres
  14 death yaks (Lair:6)
  A death knight (D:12)
  Sonja (Lair:3)
  3 unseen horrors
  An orc knight (Bailey)
  An oklob plant (Lair:5)
  6 ugly things
  A cyclops (Orc:1)
  11 elephants
  2 manticores (Lair:6)
  Maurice (D:10)
  An eye of devastation (Lair:6)
  4 black mambas
  2 centaur zombies
  A merfolk siren (Lair:2)
  A torpor snail (Lair:3)
  8 spiny frogs
  Psyche (D:10)
  A gargoyle (D:14)
  3 centaur skeletons
  6 komodo dragons
  3 kobold demonologists (D:11)
  2 rime drakes
  4 trolls
  3 polar bears
  A hornet (D:13)
  8 blink frogs
  Grinder (D:5)
  6 dream sheep (Lair:4)
  7 slime creatures
  8 hippogriffs
  2 wyverns
  3 spriggans
  2 shadows (D:11)
  3 wraiths
  34 yaks
  2 basilisks (D:12)
  The ghost of Helio the Covert, an amateur SpEn (D:4)
  The ghost of Nehle the Chopper, an amateur MiBe of Trog (D:3)
  3 hungry ghosts
  A steam dragon (D:11)
  An acid dragon (D:11)
  10 water moccasins
  4 ice beasts
  10 porcupines
  2 sky beasts
  A hornet zombie (D:9)
  4 black bears
  A necrophage (D:7)
  3 phantoms
  2 eyes of draining
  19 ogres
  20 orc warriors
  10 wolves
  6 centaurs
  12 crocodiles
  3 big kobolds
  18 bullfrogs
  2 scorpions
  2 wyvern skeletons
  13 wights
  14 killer bees
  2 electric eels (Lair:6)
  4 crimson imps
  8 hounds
  A quasit (D:10)
  A bullfrog zombie (D:11)
  4 jellies
  11 orc wizards
  10 orc priests
  An iguana (D:11)
  3 worker ants
  A killer bee zombie (D:8)
  2 hound zombies (D:8)
  10 adders
  6 gnolls
  A howler monkey skeleton (D:4)
  2 shadow imps
  An adder zombie (D:7)
  2 adder skeletons (D:4)
  2 worms
  6 dart slugs
  3 leopard geckos
  54 orcs
  9 bats
  5 giant cockroaches
  16 goblins
  10 hobgoblins
  4 jackals (D:3)
  5 quokkas
  5 frilled lizards
  15 kobolds
  6 rats
  2 bushes (D:3)
  2 plants
572 creatures vanquished.

Vanquished Creatures (collateral kills)
  Grum (Lair:1)
  A gnoll (D:4)
  A plant (D:8)
3 creatures vanquished.

Vanquished Creatures (others)
  An orc (Orc:1)
  10 fungi
  4 plants
15 creatures vanquished.

Grand Total: 590 creatures vanquished

Notes
Turn   | Place    | Note
-------+----------+-------------------------------------------
     0 | D:1      | Helio the Spriggan Enchanter began the quest for the Orb.
     0 | D:1      | Reached XP level 1. HP: 9/9 MP: 5/5
     3 | D:1      | Noticed an electric eel
     3 | D:1      | Noticed an electric eel
   475 | D:1      | Reached XP level 2. HP: 13/13 MP: 7/7
   479 | D:1      | Learned a level 2 spell: Ensorcelled Hibernation
  1195 | D:1      | Reached XP level 3. HP: 13/16 MP: 9/9
  1587 | D:1      | Learned a level 3 spell: Confuse
  1967 | D:2      | Reached skill level 5 in Hexes
  1973 | D:2      | Reached XP level 4. HP: 21/21 MP: 8/11
  2205 | D:2      | Learned a level 3 spell: Tukima's Dance
  2718 | D:3      | Reached skill level 5 in Stealth
  3031 | D:3      | Found a hide-covered altar of Uskayaw.
  3040 | D:3      | Found a radiant altar of Vehumet.
  3185 | D:3      | Noticed Nehle's ghost (amateur MiBe)
  3193 | D:3      | Killed Nehle's ghost
  3193 | D:3      | Reached skill level 8 in Stealth
  3193 | D:3      | Reached XP level 5. HP: 13/24 MP: 8/12
  3455 | D:3      | Learned a level 3 spell: Dazzling Spray
  3802 | D:3      | Found a blossoming altar of Fedhas.
  3802 | D:3      | Found a glowing silver altar of Zin.
  3870 | D:3      | Reached XP level 6. HP: 28/28 MP: 13/13
  4079 | D:4      | Identified the Volume of Poisonous Changing
  4125 | D:4      | HP: 1/28 [gnoll/spear (7)]
  4237 | D:4      | Noticed Helio's ghost (amateur SpEn)
  4451 | D:4      | Killed Helio's ghost
  4451 | D:4      | Reached skill level 10 in Stealth
  4814 | D:4      | Found a deep blue altar of Sif Muna.
  5134 | D:4      | Reached XP level 7. HP: 26/32 MP: 4/14
  5242 | D:4      | Reached skill level 11 in Stealth
  5513 | D:5      | Entered Level 5 of the Dungeon
  5525 | D:5      | Noticed Grinder
  5577 | D:5      | Reached skill level 12 in Stealth
  5611 | D:5      | Killed Grinder
  5611 | D:5      | Reached skill level 13 in Stealth
  5611 | D:5      | Reached XP level 8. HP: 28/36 MP: 11/15
  5743 | D:5      | Found a blossoming altar of Fedhas.
  5875 | D:5      | Found a shattered altar of Ashenzari.
  5905 | D:5      | Reached skill level 1 in Fighting
  5966 | D:5      | Found a staircase to the Ecumenical Temple.
  5971 | Temple   | Entered the Ecumenical Temple
  6244 | D:6      | Found a hide-covered altar of Uskayaw.
  6479 | D:6      | Reached skill level 5 in Spellcasting
  7308 | D:7      | Found a shadowy altar of Dithmenos.
  7316 | D:7      | Became a worshipper of Dithmenos the Shadowed
  7358 | D:7      | Reached skill level 5 in Dodging
  7358 | D:7      | Reached XP level 9. HP: 38/42 MP: 18/18
  7577 | D:7      | Noticed a troll
  7592 | D:7      | Killed a troll
  7751 | D:7      | Found a burning altar of Makhleb.
  8111 | D:7      | Identified the Papyrus of the Death Scarab
  8148 | D:7      | Reached skill level 14 in Stealth
  8319 | D:7      | Reached * piety under Dithmenos
  8988 | D:8      | Noticed a two-headed ogre
  8994 | D:8      | Killed a two-headed ogre
  8994 | D:8      | Reached skill level 5 in Short Blades
  8994 | D:8      | Reached XP level 10. HP: 49/49 MP: 21/21
  9094 | D:8      | Found a staircase to the Lair.
  9337 | D:8      | Reached ** piety under Dithmenos
  9472 | D:8      | Found an opulent altar of Gozag.
 10079 | D:10     | Entered Level 10 of the Dungeon
 10082 | D:10     | Noticed an unseen horror
 10086 | D:10     | Killed an unseen horror
 10086 | D:10     | Reached skill level 15 in Stealth
 10108 | D:10     | Noticed Maurice
 10115 | D:10     | Killed Maurice
 10116 | D:10     | Noticed Erica
 10122 | D:10     | Noticed a two-headed ogre
 10133 | D:10     | Killed a two-headed ogre
 10148 | D:10     | Killed Erica
 10304 | D:10     | Noticed Psyche
 10309 | D:10     | Noticed an unseen horror
 10312 | D:10     | Killed Psyche
 10312 | D:10     | Reached XP level 11. HP: 54/54 MP: 20/24
 10314 | D:10     | Noticed Snorg
 10336 | D:10     | Killed an unseen horror
 10402 | D:10     | Killed Snorg
 10402 | D:10     | Reached skill level 5 in Fighting
 10976 | D:11     | Found Dekkakk's Food Emporium.
 10976 | D:11     | Noticed an unseen horror
 10981 | D:11     | Killed an unseen horror
 11038 | D:11     | Noticed a soul eater
 11365 | D:11     | Noticed a red ugly thing
 11392 | D:11     | Killed a red ugly thing
 11392 | D:11     | Reached *** piety under Dithmenos
 11452 | D:11     | Reached skill level 10 in Dodging
 11493 | D:11     | Found an opulent altar of Gozag.
 11519 | D:11     | Found a deep blue altar of Sif Muna.
 11809 | D:11     | Found a staircase to the Orcish Mines.
 11901 | D:11     | Found a roughly hewn altar of Beogh.
 12189 | D:11     | Reached skill level 16 in Stealth
 12950 | D:12     | Noticed a brown ugly thing
 12955 | D:12     | Reached **** piety under Dithmenos
 12962 | D:12     | Killed a brown ugly thing
 13640 | D:12     | Noticed a death knight
 13652 | D:12     | Killed a death knight
 13652 | D:12     | Reached XP level 12. HP: 61/61 MP: 14/26
 13883 | D:13     | Reached skill level 10 in Hexes
 14229 | D:13     | Noticed an ice dragon
 14236 | D:13     | Noticed a fire dragon
 14238 | D:13     | Noticed an ice dragon
 14238 | D:13     | Found a runed door.
 14238 | D:13     | Found a runed door.
 14239 | D:13     | Found the +2 shield of Resistance {rF+ rC+ MR+}
 14242 | D:13     | Noticed a fire dragon
 14277 | D:13     | Gained mutation: You are somewhat resistant to further mutation. [potion of mutation]
 14277 | D:13     | Gained mutation: You occasionally shout uncontrollably at your foes. [potion of mutation]
 14277 | D:13     | Gained mutation: You have large cloven feet. [potion of mutation]
 14278 | D:13     | Lost mutation: You are somewhat resistant to further mutation. [potion of mutation]
 14278 | D:13     | Lost mutation: You occasionally shout uncontrollably at your foes. [potion of mutation]
 14278 | D:13     | Lost mutation: You have large cloven feet. [potion of mutation]
 14278 | D:13     | Gained mutation: You are somewhat resistant to further mutation. [potion of mutation]
 14373 | D:13     | Found a gate to the Vaults.
 14649 | D:13     | Noticed a centaur warrior
 14716 | D:13     | Killed a centaur warrior
 14951 | D:14     | Reached skill level 10 in Spellcasting
 15029 | D:14     | Found a flagged portal.
 15080 | Bailey   | Entered a bailey
 16355 | D:14     | Noticed a two-headed ogre
 16362 | D:14     | Killed a two-headed ogre
 16362 | D:14     | Reached skill level 17 in Stealth
 16434 | D:14     | Reached skill level 19 in Stealth
 16434 | D:14     | Reached XP level 13. HP: 66/66 MP: 28/28
 17370 | Lair:1   | Entered Level 1 of the Lair of Beasts
 17915 | Lair:1   | Found a shattered altar of Ashenzari.
 17969 | Lair:1   | Noticed Grum
 18002 | Lair:1   | Reached ***** piety under Dithmenos
 18014 | Lair:1   | Killed Grum
 18364 | Lair:2   | Reached XP level 14. HP: 72/72 MP: 29/29
 18481 | Lair:2   | Noticed Harold
 18484 | Lair:2   | Killed Harold
 19110 | Lair:2   | Found a staircase to the Shoals.
 19457 | Lair:3   | Noticed Sonja
 19459 | Lair:3   | Killed Sonja
 20922 | Lair:4   | Found a hole to the Spider Nest.
 21005 | Lair:4   | Reached skill level 10 in Short Blades
 22614 | Lair:6   | Entered Level 6 of the Lair of Beasts
 22815 | Lair:6   | Reached skill level 20 in Stealth
 23329 | Lair:6   | Found a staircase to the Slime Pits.
 23768 | Lair:6   | Reached XP level 15. HP: 66/78 MP: 32/32
 24815 | Orc:1    | Entered Level 1 of the Orcish Mines
 24947 | Orc:1    | Found a roughly hewn altar of Beogh.
 25305 | Orc:2    | Entered Level 2 of the Orcish Mines
 25321 | Orc:2    | Found Tokaf's General Store.
 25700 | Orc:2    | Found a staircase to the Elven Halls.
 26318 | Orc:2    | Reached skill level 15 in Dodging
 26425 | Orc:2    | Noticed Rupert
 26992 | Orc:2    | Found Jegruhy's Book Shoppe.
 26992 | Orc:2    | Found Fopre's General Store.
 26993 | Orc:2    | Found Saujett's Weapon Boutique.
 26993 | Orc:2    | Found Petuh's Weapon Emporium.
 27005 | Orc:2    | Paralysed by an ogre mage for 7 turns
 27008 | Orc:2    | Slain by an orc warrior

Vault maps used:
D:1:      arrival_aquarium_b, minivault_23, minmay_tromino_i2
D:2:      grunt_ministairs_1
D:3:      gammafunk_temple_overflow_pools, amethyst_overflow_temple_binary,
          serial_forest, infiniplex_forest_clump_cross,
          infiniplex_forest_lined_3_way, infiniplex_forest_fountain,
          infiniplex_forest_clump_medium, infiniplex_forest_lined_1,
          eino_tiny_chamber, minmay_goblin_outpost
D:4:      led_sif_book
D:5:      ashenzari_conservatory_becter, minmay_temple_entry_grid, first_bread,
          fedhas_altar_2, uniq_grinder
D:6:      kennysheep_flooded_box
D:7:      grunt_dithmenos_smoke_and_mirrors, the_bakery, bloody_makhleb
D:8:      kennysheep_little_box, david_lair_shrubbed
D:9:      serial_aquarium, aquarium_bridge_long_joined, aquarium_window_1,
          aquarium_window_corner, aquarium_view_2b, aquarium_view_2c,
          aquarium_pool_corner
D:10:     uniq_psyche, uniq_snorg, uniq_maurice, uniq_erica
D:11:     minmay_orc_entry_temple_small, serial_shops, shop, basic_altar,
          nicolae_gozag_seed_capital
D:12:     grunt_decor_mini_mirrors
D:13:     erik_vaults_1, eino_small_chamber_without_monster,
          minmay_guarded_unrand_resistance
D:14:     enter_bailey_3, grunt_decor_arrowhead
Temple:   regret_index_temple_waves
Lair:1:   basic_altar, grunt_megastairs_2, uniq_grum
Lair:2:   minmay_shoals_entry_lonely_mermaid, forest_entry_grove,
          infiniplex_staircase_pool_2, uniq_harold
Lair:3:   uniq_sonja
Lair:4:   dummy_spider_entry, grunt_megastairs_5, lemuel_fruit_tree
Lair:5:   minmay_lair_oklob_items, lemuel_fruit_fields
Lair:6:   evilmike_catoblepas_cave, minmay_slime_entry_eyes,
          serial_bayou_shore_b, serial_bayou_shore_a
Orc:1:    nicolae_orc_sculptors_studio, nicolae_orc_rockfall, mines2_david
Orc:2:    st_orc_ogre_mass, serial_shops, shop, basic_altar, uniq_rupert
Bailey:   bailey_polearm_2, bailey

Skill      XL: |  1  2  3  4  5  6  7  8  9 10 11 12 13 14 15 |
---------------+----------------------------------------------+-----
Spellcasting   | 3 4 5 6 8 9 10 12 | 12.9
Hexes          | 4 5 6 7 8 9 10 11 12 13 | 13.0
Stealth        | 8 10 13 14 15 16 19 20 | 20.8
Fighting       | 2 3 4 6 7 8 9 |  9.2
Short Blades   | 3 5 6 7 8 9 10 11 | 11.3
Dodging        | 5 7 9 10 11 12 14 15 | 15.2

Action                   |  1- 3 |  4- 6 |  7- 9 | 10-12 | 13-15 || total
-------------------------+-------+-------+-------+-------+-------++-------
Melee: Dagger            |    63 |       |       |       |       ||    63
       Short sword       |    63 |   147 |   172 |   365 |   769 ||  1516
 Cast: Corona            |     6 |       |       |       |       ||     6
       Ensorcelled Hiber |     9 |     4 |    17 |    22 |    61 ||   113
       Confuse           |       |     4 |    12 |    67 |    48 ||   131
       Dazzling Spray    |       |    11 |     7 |    10 |    40 ||    68
       Tukima's Dance    |       |     5 |       |       |     2 ||     7
Invok: Shadow Step       |       |       |       |     1 |     6 ||     7
  Use: Scroll            |     7 |     7 |     9 |    10 |     4 ||    37
       Potion            |       |     1 |     3 |     3 |     4 ||    11
 Stab: Sleeping          |    14 |     8 |    29 |    66 |   117 ||   234
       Distracted        |     1 |     1 |     1 |     2 |     6 ||    11
       Confused          |       |     2 |     7 |    33 |    23 ||    65
       Invisible         |       |     1 |     1 |     5 |    39 ||    46
  Eat: Royal jelly       |       |     1 |     1 |     3 |     1 ||     6
       Bread ration      |       |     1 |       |       |       ||     1
       Fruit             |       |       |       |     2 |     9 ||    11
Armor: Robe              |    14 |    11 |    18 |    22 |    30 ||    95
Dodge: Dodged            |   121 |    83 |   159 |   282 |   712 ||  1357
